 Dungeon Crawl Stone Soup version 0.32-a0-290-g598725c5f2 (webtiles) character file.

Game seed: 3983897583739900554

1921 Dittersdorf the Covered (level 9, -5/57 HPs)
             Began as a Gargoyle Fighter on Feb 13, 2024.
             Slain by a gnoll sergeant
             ... wielding a +0 spear of venom
              (10 damage)
             ... on level 6 of the Dungeon.
             The game lasted 00:06:15 (4747 turns).

Dittersdorf the Covered (Gargoyle Fighter)          Turns: 4747, Time: 00:06:16

Health: -5/57      AC: 20    Str: 24    XL:     9   Next: 17%
Magic:  9/9        EV:  8    Int:  9    God:
Gold:   966        SH:  6    Dex:  9    Spells: 8/8 levels left

rFire   . . .        b - +7 Throatcutter {drain, coup de grace}
rCold   . . .        c - +1 buckler
rNeg    + . .        m - +0 chain mail
rPois   ∞            (no helmet)
rElec   +            p - +0 cloak
rCorr   .            f - +0 pair of gloves
SInv    .            z - +0 pair of boots
Will    .....        (no amulet) Stlth
                     a - ring of flight
HPRegen 0.29/turn    (no ring)
MPRegen 0.11/turn

%: no passive effects
@: flying
A: sickness immunity, AC +6, negative energy resistance 1, electricity
resistance, torment resistance 1, petrification resistance
a: no special abilities


You were on level 6 of the Dungeon.
You visited 1 branch of the dungeon, and saw 6 of its levels.
You also visited: Sewer.

You collected 1036 gold pieces.
You spent 70 gold pieces at shops.

Inventory:

Hand Weapons
 b - the +7 Throatcutter (weapon) {drain, coup de grace}
   (You took it off Terence on level 2 of the Dungeon)
 s - a +0 morningstar
Armour
 c - a +1 buckler (worn)
 f - a +0 pair of gloves (worn)
 m - a +0 chain mail (worn)
 p - a +0 cloak (worn)
 z - a +0 pair of boots (worn)
Magical Staves
 x - a staff of earth
Jewellery
 a - a ring of flight (left hand)
Wands
 r - a wand of roots (8)
Scrolls
 i - a scroll of poison
 l - 3 scrolls of fear
 n - 2 scrolls of fog
 t - 3 scrolls of enchant armour
 y - a scroll of teleportation
Potions
 d - 3 potions of might
 e - a potion of resistance {unknown}
 g - a potion of mutation {unknown}
 h - 2 potions of haste
 j - 2 potions of magic
 k - 2 potions of brilliance {unknown}
 o - a potion of ambrosia {unknown}
 q - 4 potions of curing
 u - 2 potions of enlightenment {unknown}
 v - a potion of invisibility
 w - a potion of heal wounds


   Skills:
 + Level 7.2 Fighting
 + Level 4.3 Long Blades
 - Level 3.3 Maces & Flails
 + Level 7.2 Armour
 + Level 7.1 Shields


You had 8 spell levels left.
You didn't know any spells.
Your spell library contained the following spells:

 Spells                   Type           Power      Damage    Failure   Level
 Summon Small Mammal      Summ           0%         N/A       92%         1
 Call Canine Familiar     Summ           0%         N/A       100%        3
 Stone Arrow              Conj/Erth      0%         3d7       100%        3
 Animate Armour           Summ/Erth      0%         N/A       100%        4
 Summon Blazeheart Golem  Fire/Summ      0%         N/A       100%        4
 Lehudib's Crystal Spear  Conj/Erth      0%         10d2      100%        8


Dungeon Overview and Level Annotations

Branches:
Dungeon (6/15)              Sewer (visited)
 Temple: D:4-7

Altars:
Xom

Shops:
D:6 !


Innate Abilities, Weirdness & Mutations

You are immune to sickness and miasma.
Your stone body is resilient. (AC +6)
You are immune to poison.
You resist negative energy. (rN+)
You are resistant to electric shocks. (rElec)
You are resistant to unholy torment.
You are immune to petrification.


Message History

You are too injured to fight recklessly!
You are too injured to fight recklessly!
You are too injured to fight recklessly!
You are too injured to fight recklessly!
You are too injured to fight recklessly!
You are too injured to fight recklessly!
You are too injured to fight recklessly!
You are too injured to fight recklessly!
You are too injured to fight recklessly!
You are too injured to fight recklessly!
The gnoll sergeant hits you from afar with a +0 spear of venom!
You block the gnoll's attack. You block the wight's attack.
Items here: )) [[.
You block the gnoll sergeant's attack.
An ice beast comes into view.
The wight hits you but does no damage.
Items here: ( )) [[ †.
The wight attacks as it pursues you! The wight hits you but does no damage.
The wight hits you but does no damage.
Found a scroll of acquirement.
You block the gnoll's attack. The wight attacks as it pursues you!
The wight barely misses you.
You hit the wight but do no damage. The wight hits you with a +0 scimitar.
The gnoll hits you but does no damage.
You slash the wight!
The wight is heavily damaged.
The wight hits you with a +0 scimitar. The gnoll sergeant closely misses you.
The gnoll hits you but does no damage.
You hit the wight but do no damage.
You behead the wight!
You destroy the wight!
The gnoll sergeant hits you from afar with a +0 spear of venom.
* * * LOW HITPOINT WARNING * * *
The gnoll hits you from afar with a +0 halberd!
* * * LOW HITPOINT WARNING * * *
You hit the ice beast. You drain the ice beast.
The ice beast is moderately wounded.
The gnoll sergeant barely misses you. You block the ice beast's attack.
The gnoll barely misses you.
The ice beast hits you but does no damage.
The gnoll sergeant hits you from afar with a +0 spear of venom!
You die...

.. ##. . .# ... .. .. ..
#.#?# .. .....###.
####.#..... . #.........#
... ####.#...# #@#
...##.##.#...###Y#########
...#...#.##..##g.g.......#
.........##...g#.........#
...........∩...#.........#
............##g)......<..#
........##..#####........#
........##....###........#
...#...###...............#


You could see an ice beast (drained), a gnoll sergeant and 2 gnolls.

Vanquished Creatures
  Sigmund (D:2)
  Menkaure (D:5)
  2 black bears
  A centaur (D:6)
  An ogre (D:4)
  3 bullfrogs
  5 wights (D:6)
  A bombardier beetle (D:5)
  A jelly (D:6)
  3 orc priests
  Crazy Yiuf (D:2)
  A sleepcap (D:6)
  2 iguanas
  2 orc wizards
  Terence (D:2)
  5 gnolls
  13 adders
  4 river rats
  2 white imps
  4 ufetubi (D:6)
  3 dart slugs
  15 orcs
  7 endoplasms
  13 giant cockroaches
  5 goblins
  2 hobgoblins
  8 jackals
  2 quokkas
  17 ball pythons
  5 bats
  4 frilled lizards
  6 kobolds
  25 rats
166 creatures vanquished.

Notes
Turn   | Place    | Note
-------+----------+-------------------------------------------
     0 | D:1      | Dittersdorf the Gargoyle Fighter began the quest for the
                  | Orb.
     0 | D:1      | Reached XP level 1. HP: 14/14 MP: 1/1
   264 | D:1      | Reached XP level 2. HP: 14/19 MP: 2/2
   462 | D:1      | Reached XP level 3. HP: 23/23 MP: 3/3
   773 | D:2      | Noticed Sigmund
   785 | D:2      | Killed Sigmund
   786 | D:2      | Reached XP level 4. HP: 24/30 MP: 4/4
   786 | D:2      | Reached XP level 5. HP: 27/34 MP: 5/5
   994 | D:2      | Noticed Terence
  1006 | D:2      | Killed Terence
  1120 | D:2      | Identified the ring "Xoxkenar" {Fire *Slow rN+ Int+5}
  1139 | D:2      | Reached XP level 6. HP: 39/39 MP: 6/6
  1268 | D:2      | Found a runed translucent door.
  1269 | D:2      | Noticed Crazy Yiuf
  1317 | D:2      | Found a shimmering altar of Xom.
  1878 | D:2      | Killed Crazy Yiuf
  2300 | D:3      | HP: 1/39 [orc/+0 club (4)]
  2301 | D:3      | Reached skill level 1 in Long Blades
  2843 | D:4      | Reached skill level 5 in Armour
  2996 | D:4      | Reached skill level 5 in Fighting
  2996 | D:4      | Reached skill level 5 in Shields
  2996 | D:4      | Reached XP level 7. HP: 44/44 MP: 7/7
  3286 | D:5      | Entered Level 5 of the Dungeon
  3324 | D:5      | Noticed Menkaure
  3338 | D:5      | Killed Menkaure
  3574 | D:5      | Reached XP level 8. HP: 44/51 MP: 8/8
  3952 | D:6      | Identified a scroll of acquirement
  3952 | D:6      | Acquired 782 gold pieces
  4042 | D:6      | Found a glowing drain.
  4053 | Sewer    | Entered a sewer
  4694 | D:6      | Found Qatocwem's Distillery.
  4702 | D:6      | Bought a potion of heal wounds for 70 gold pieces
  4708 | D:6      | Reached XP level 9. HP: 51/56 MP: 9/9
  4747 | D:6      | Slain by a gnoll sergeant

Illustrated notes

Levels and vault maps discovered:
D:1:      lightli_arrival_lavapool, layout_basic
D:2:      layout_basic, basic_altar, nicolae_half_adder, uniq_terence,
          uniq_crazy_yiuf_cottage, uniq_sigmund
D:3:      minmay_roachtagon, layout_basic, hangedman_decor_clover_reticule
D:4:      layout_basic
D:5:      layout_rooms, uniq_menkaure
D:6:      layout_loops_cross, serial_shops, nicolae_shop_overgrown_old_shop,
          nicolae_square_shop, portal_sewer_entry_e, minmay_misc_feat_pillars

Skill      XL: |  1  2  3  4  5  6  7  8  9 |
---------------+----------------------------+-----
Fighting       | 4 5 6 7 |  7.2
Maces & Flails | 3 |  3.3
Armour         | 4 5 7 |  7.2
Shields        | 4 5 6 7 |  7.1
Long Blades    | 1 2 4 |  4.3

Action                     |  1- 3 |  4- 6 |  7- 9 || total
---------------------------+-------+-------+-------++-------
  Melee: Flail             |    45 |     9 |       ||    54
         Unarmed           |     2 |       |       ||     2
         Long sword        |       |    81 |   250 ||   331
    Use: Scroll            |       |     3 |    15 ||    18
 Armour: Scale mail        |    19 |     8 |       ||    27
         Chain mail        |       |    57 |   396 ||   453
  Dodge: Dodged            |    10 |    44 |   188 ||   242
  Block: Buckler           |    10 |    14 |   106 ||   130

Table legend: (Time is in decaauts)
 A = Elapsed time spent in this place.
 B = Non-inter-level travel time spent in this place.
 C = Inter-level travel time spent in this place.
 D = Time resting spent in this place.
 E = Time spent auto-exploring this place.
 F = Levels seen in this place.
 G = Mean time per level.
                   A        B        C        D        E       F      G
               +--------+--------+--------+--------+--------+-----+--------+
         Total |   4859 |   4629 |    230 |    463 |   3112 |   7 |  694.1 |
       Dungeon |   4464 |   4234 |    230 |    421 |   2905 |   6 |  744.0 |
         Sewer |    395 |    395 |      0 |     42 |    207 |   1 |  395.0 |
               +--------+--------+--------+--------+--------+-----+--------+

Top non-repeatable levels by time:
     D:2: 1207 daAuts
     D:3: 898 daAuts
     D:1: 781 daAuts
     D:5: 664 daAuts
     D:6: 458 daAuts
     D:4: 453 daAuts
   Sewer: 395 daAuts
